 Dungeon Sprint DCSS version 0.18-a0-1788-g92de1ac (webtiles) character file.

4502 PunPun the Brawler (level 10, 0/97 HPs)
             Began as a Minotaur Monk on Apr 21, 2016.
             Was the Champion of Makhleb.
             Succumbed to a spiny frog's poison
             ... in the Dungeon (Sprint IX: "|||||||||||||||||||||||||||||").
             The game lasted 00:01:55 (532 turns).

PunPun the Brawler (Minotaur Monk)                   Turns: 532, Time: 00:01:56

Health: 0/97       AC: 15    Str: 17    XL:     10   Next: 16%
Magic:  16/16      EV: 13    Int:  7    God:    Makhleb [******]
Gold:   0          SH:  0    Dex: 18    Spells: 0 memorised, 9 levels left

rFire  . . .     SeeInvis .       - Unarmed
rCold  . . .     Gourm    .     m - +1 chain mail
rNeg   . . .     Faith    .     (no shield)
rPois  .         Spirit   .     (helmet restricted)
rElec  .         Dismiss  .     l - +0 cloak
rCorr  .         Reflect  .     (no gloves)
SustAt .         Harm     .     (no boots)
MR     .....     NoTele   +     (no amulet)
Stlth  ..........               n - +3 ring of dexterity
                                o - +2 ring of protection

@: lethally poisoned (0 -> -33), not resistant to hostile enchantments,
extremely unstealthy
A: retaliatory headbutt, horns 2
a: Minor Destruction, Lesser Servant of Makhleb, Major Destruction, Greater
Servant of Makhleb, Renounce Religion


You were in the Dungeon.
You worshipped Makhleb.
Makhleb was exalted by your worship.
You were not hungry.

You visited 1 branch

Inventory:

Armour
 l - a +0 cloak (worn)
 m - a +1 chain mail (worn)
Jewellery
 n - a +3 ring of dexterity (right hand)
 o - a +2 ring of protection (left hand)
Wands
 k - a wand of iceblast (6/15)
Scrolls
 h - 3 scrolls of blinking
 i - 9 scrolls of remove curse
 j - 2 scrolls of amnesia
 r - a scroll of fear
Potions
 a - a potion of brilliance
 c - 5 potions of curing
 d - 4 potions of heal wounds
 e - a potion of haste
 f - 4 potions of magic
 g - a potion of resistance
 p - 2 potions of berserk rage
Books
 q - a book of Geomancy

   Spells                             Type                      Level
   a - Sandblast                      Earth                        1
   b - Passwall                       Transmutation/Earth          2
   c - Stone Arrow                    Conjuration/Earth            3
   d - Petrify                        Transmutation/Earth          4
   e - Lee's Rapid Deconstruction     Earth                        5
Comestibles
 b - a bread ration


   Skills:
 + Level 11.8 Fighting
 + Level 7.4 Armour
 + Level 10.8 Dodging
 + Level 4.3 Stealth
 + Level 16.8 Unarmed Combat
 * Level 9.8 Invocations


You had 9 spell levels left.
You didn't know any spells.

Dungeon Overview and Level Annotations

Branches:
Dungeon (1/1)

Altars:
Cheibriados
Dithmenos
Elyvilon
Fedhas
Gozag
Kikubaaqudgha
Makhleb
Nemelex Xobeh
Okawaru
Pakellas
Qazlal
Ru
Sif Muna
Trog
Vehumet
Xom
Yredelemnul
Zin
The Shining One
Beogh
Jiyva
Lugonu


Innate Abilities, Weirdness & Mutations

You reflexively headbutt those who attack you in melee.
You have a pair of horns on your head.


Message History

The spiny frog is lightly wounded.
You feel sick. The spiny frog closely misses you. The blink frog hits you.
* * * LOW HITPOINT WARNING * * *
The blink frog blinks! x2
You hit the spiny frog. You headbutt the spiny frog.
The spiny frog is moderately wounded.
You feel sick. The spiny frog stings you!!
* * * LOW HITPOINT WARNING * * *
You are more poisoned.
The spiny frog poisons you!
You barely miss the spiny frog.
You headbutt the spiny frog, but do no damage.
The spiny frog is moderately wounded.
* * * LOW HITPOINT WARNING * * *
You feel very sick. The spiny frog stings you.
* * * LOW HITPOINT WARNING * * *
You hit the spiny frog. Your headbutt misses the spiny frog.
The spiny frog is moderately wounded.
You die...

▓▓▓▓▓▓▓▓▓▓▓▓▓▓▓▓▓▓▓▓▓▓▓▓▓▓▓▓▓▓▓▓▓
.'(.....[[..[.)|..'______________
▓▓▓▓▓▓▓▓▓▓▓▓▓▓▓▓▓▓▓▓▓▓▓▓▓▓▓▓▓▓▓▓▓
.................................
▓▓▓▓▓▓▓▓▓▓▓▓▓▓▓▓▓▓▓▓▓▓▓▓▓▓▓▓▓▓▓▓▓
F..§FFF@§...F....†......
▓▓▓▓▓▓▓▓▓▓▓▓▓▓▓▓▓▓▓▓▓▓▓▓


You could see a spiny frog, 2 blink frogs and 2 giant frogs.

Vanquished Creatures
  An unseen horror (D)
  A lindwurm (D)
  A cyclops (D)
  A black mamba (D)
  2 spiny frogs (D)
  A giant leech (D)
  A basilisk (D)
  2 yaks (D)
  2 hippogriffs (D)
  2 water moccasins (D)
  A porcupine (D)
  2 ice beasts (D)
  A wasp (D)
  A phantom (D)
  A crocodile (D)
  A big kobold (D)
  4 giant frogs (D)
  A crimson imp (D)
  A quasit (D)
  A jelly (D)
  An orc wizard (D)
  An iguana (D)
  3 river rats (D)
  A dart slug (D)
  A giant gecko (D)
  An orc (D)
  A bat skeleton (D)
  2 goblins (D)
  A jackal skeleton (D)
  A kobold (D)
  A rat (D)
42 creatures vanquished.

Vanquished Creatures (others)
  A hill giant (D)
1 creature vanquished.

Grand Total: 43 creatures vanquished

Notes
Turn   | Place    | Note
--------------------------------------------------------------
     0 | D        | PunPun the Minotaur Monk began the quest for the Orb.
     0 | D        | Reached XP level 1. HP: 19/19 MP: 0/0
     6 | D        | Reached skill level 5 in Unarmed Combat
    21 | D        | Noticed a phantom
    21 | D        | Noticed an iguana
    21 | D        | Noticed an orc wizard
    21 | D        | Noticed a crimson imp
    26 | D        | Killed a crimson imp
    26 | D        | Reached skill level 7 in Unarmed Combat
    26 | D        | Reached XP level 2. HP: 20/28 MP: 1/1
    26 | D        | Reached XP level 3. HP: 24/34 MP: 2/2
    30 | D        | Reached skill level 8 in Unarmed Combat
    30 | D        | Reached XP level 4. HP: 41/41 MP: 3/3
    32 | D        | Reached skill level 5 in Fighting
    32 | D        | Reached skill level 5 in Dodging
    32 | D        | Reached skill level 9 in Unarmed Combat
    34 | D        | Killed a phantom
    34 | D        | Reached skill level 10 in Unarmed Combat
    34 | D        | Reached XP level 5. HP: 47/50 MP: 4/4
    40 | D        | Found a glowing silver altar of Zin.
    40 | D        | Found a glowing golden altar of the Shining One.
    40 | D        | Found an ancient bone altar of Kikubaaqudgha.
    40 | D        | Found a basalt altar of Yredelemnul.
    40 | D        | Found a shimmering altar of Xom.
    40 | D        | Found a radiant altar of Vehumet.
    41 | D        | Found an iron altar of Okawaru.
    42 | D        | Found a burning altar of Makhleb.
    43 | D        | Found a deep blue altar of Sif Muna.
    44 | D        | Found a bloodstained altar of Trog.
    45 | D        | Found a sparkling altar of Nemelex Xobeh.
    46 | D        | Found a white marble altar of Elyvilon.
    47 | D        | Found a roughly hewn altar of Beogh.
    48 | D        | Found a viscous altar of Jiyva.
    49 | D        | Found a corrupted altar of Lugonu.
    50 | D        | Found a blossoming altar of Fedhas.
    51 | D        | Found a snail-covered altar of Cheibriados.
    52 | D        | Found a shadowy altar of Dithmenos.
    53 | D        | Found a stormy altar of Qazlal.
    54 | D        | Found an opulent altar of Gozag.
    55 | D        | Found a sacrificial altar of Ru.
    56 | D        | Found an oddly glowing altar of Pakellas.
    72 | D        | Became a worshipper of Makhleb the Destroyer
    72 | D        | Reached * piety under Makhleb
    72 | D        | Reached ** piety under Makhleb
   136 | D        | Noticed an ice beast
   136 | D        | Noticed an ice beast
   136 | D        | Noticed a hippogriff
   140 | D        | Killed a hippogriff
   140 | D        | Reached skill level 11 in Unarmed Combat
   140 | D        | Reached XP level 6. HP: 58/58 MP: 4/7
   143 | D        | Reached skill level 12 in Unarmed Combat
   148 | D        | Killed an ice beast
   148 | D        | Reached *** piety under Makhleb
   153 | D        | Killed an ice beast
   153 | D        | Reached XP level 7. HP: 66/66 MP: 4/9
   163 | D        | Noticed a hill giant
   163 | D        | Noticed a cyclops
   179 | D        | Killed an unseen horror
   179 | D        | Reached **** piety under Makhleb
   179 | D        | Reached skill level 1 in Armour
   179 | D        | Reached skill level 14 in Unarmed Combat
   179 | D        | Reached XP level 8. HP: 51/78 MP: 7/11
   179 | D        | Killed a hill giant
   184 | D        | Killed a cyclops
   193 | D        | Reached ***** piety under Makhleb
   327 | D        | Noticed a black mamba
   327 | D        | Noticed a spiny frog
   332 | D        | Killed a spiny frog
   332 | D        | Reached skill level 10 in Fighting
   332 | D        | Reached skill level 15 in Unarmed Combat
   341 | D        | Killed a black mamba
   341 | D        | Reached skill level 10 in Dodging
   341 | D        | Reached XP level 9. HP: 60/86 MP: 13/13
   354 | D        | Reached ****** piety under Makhleb
   365 | D        | Reached skill level 5 in Armour
   446 | D        | Noticed a lindwurm
   450 | D        | Noticed a spiny frog
   456 | D        | Killed a lindwurm
   456 | D        | Reached skill level 16 in Unarmed Combat
   484 | D        | Killed a spiny frog
   484 | D        | Reached XP level 10. HP: 91/97 MP: 14/16
   504 | D        | Noticed a spiny frog
   531 | D        | HP: 4/97 [poisoned by a spiny frog]
   532 | D        | Succumbed to a spiny frog's poison

Vault maps used:
D:        linesprint

Skill      XL: |  1  2  3  4  5  6  7  8  9 10 |
---------------+-------------------------------+-----
Unarmed Combat | 7 8 10 11 12 14 15 16 | 16.8
Fighting       | 4 6 7 9 10 11 | 11.8
Dodging        | 4 5 6 7 8 10 | 10.8
Stealth        | 2 3 4 |  4.3
Invocations    | 2 4 6 7 9 |  9.8
Armour         | 1 4 6 7 |  7.4

Action                   |  1- 3 |  4- 6 |  7- 9 | 10-12 || total
-------------------------+-------+-------+-------+-------++-------
Melee: Unarmed           |    14 |    21 |    96 |    36 ||   167
       Headbutt          |     3 |    11 |    25 |    10 ||    49
       Punch             |     1 |     1 |     7 |     2 ||    11
Evoke: Wand              |       |       |     1 |       ||     1
  Use: Potion            |     1 |       |     2 |       ||     3
 Stab: Invisible         |       |       |     1 |       ||     1
Armor: Robe              |     2 |       |       |       ||     2
       Chain mail        |       |     8 |    36 |     7 ||    51
Dodge: Dodged            |     1 |     5 |    38 |    12 ||    56
